 Dungeon Sprint DCSS version 0.27-a0-597-g524d869a0f (webtiles) character file.

Game seed: 3192436048732850901

1185 rocky1 the Geomancer (level 8, -6/46 HPs)
             Began as an Octopode Earth Elementalist on Mar 12, 2021.
             Was a High Priest of Sif Muna.
             Mangled by a shadow wraith (24 damage)
             ... in the Dungeon (Sprint VII: "The Pits").
             The game lasted 00:04:16 (846 turns).

rocky1 the Geomancer (Octopode Earth Elementalist)   Turns: 846, Time: 00:04:17

Health: -6/46      AC:  1    Str:  7    XL:     8   Next: 42%
Magic:  14/14      EV: 14    Int: 20    God:    Sif Muna [*****.]
Gold:   0          SH:  0    Dex: 12    Spells: 7/16 levels left

rFire    . . .     SeeInvis .   l - +1 quarterstaff (speed)
rCold    . . .     Faith    .   (shield currently unavailable)
rNeg     . . .     Spirit   .   (helmet restricted)
rPois    .         Reflect  .   (no amulet)
rElec    .         Harm     .   (no ring)
rCorr    .         Rampage  .   (no ring)
Will     .....     NoTele   +   (no ring)
Stlth    ++++......             (no ring)
HPRegen  0.15/turn              (no ring)
MPRegen  0.14/turn              (no ring)
                                (no ring)
                                (no ring)

@: slowed, very slow
A: almost no armour, amphibious, 8 rings, camouflage 1, gelatinous body 1,
nimble swimmer 1, tentacles
a: Renounce Religion, Channel Magic, Forget Spell, Divine Exegesis


You were in the Dungeon.
You worshipped Sif Muna.
Sif Muna was extremely pleased with you.
You visited 1 branch

Inventory:

Hand Weapons
 l - a +1 quarterstaff of speed (weapon)
Missiles
 b - 29 stones
Scrolls
 h - a scroll of blinking
 i - 5 scrolls of amnesia
 j - a scroll of summoning
Potions
 a - 2 potions of invisibility
 c - 6 potions of curing
 d - 4 potions of heal wounds
 e - a potion of haste
 f - 2 potions of magic
 g - 3 potions of berserk rage


   Skills:
 + Level 4.7 Dodging
 + Level 7.0 Stealth
 + Level 4.5 Spellcasting
 + Level 4.4 Conjurations
 - Level 1.0 Transmutations
 + Level 14.6 Earth Magic
 + Level 4.5 Invocations


You had 7 spell levels left.
You knew the following spells:

 Your Spells              Type           Power      Damage    Failure   Level
a - Sandblast             Erth           100%       2d20      1%          1
b - Stone Arrow           Conj/Erth      84%        3d12      1%          3
c - Lee's Rapid Deconstr  Erth           29%        3d16*     1%          5

Your spell library contained the following spells:

 Spells                   Type           Power      Damage    Failure   Level
 Passwall                 Tmut/Erth      29%        N/A       1%          2
 Petrify                  Tmut/Erth      35%        N/A       4%          4
 Corpse Rot               Necr/Air       N/A        N/A       19%         2
 Vampiric Draining        Necr           2%         2d6       36%         3
 Manifold Assault         Tloc           4%         N/A       77%         4
 Summon Forest            Summ/Tloc      2%         N/A       98%         5
 Simulacrum               Ice/Necr       2%         N/A       100%        6
 Infestation              Necr           2%         N/A       100%        8


Dungeon Overview and Level Annotations

Branches:
Dungeon (1/1)

Altars:
Ashenzari
Cheibriados
Dithmenos
Elyvilon
Fedhas
Gozag
Hepliaklqana
Kikubaaqudgha
Makhleb
Nemelex Xobeh
Okawaru
Qazlal
Ru
Sif Muna
Trog
Uskayaw
Vehumet
Wu Jian
Xom
Yredelemnul
Zin
The Shining One
Beogh
Jiyva
Lugonu


Innate Abilities, Weirdness & Mutations

You cannot wear most types of armour.
You are amphibious.
You can wear up to eight rings at the same time.
Your skin changes colour to match your surroundings (Stealth+).
Your rubbery body absorbs attacks. (AC +1, EV +1)
You are stealthy while swimming. (Stealth+)
You have tentacles for arms and can constrict up to eight enemies at once.


Message History

A metal wall.
The metal wall shatters!
The blast of metal fragments hits something!!
The blast of metal fragments hits the jackal!!!
You kill the jackal!
Sif Muna accepts your kill. Something hits you! Something drains your vigour!
You feel as though you will be slow longer.
A jackal comes into view.
Unknown command.
Casting: Lee's Rapid Deconstruction (dangerous; 1% risk of failure)
Confirm with . or Enter, or press ? or * to list all spells.
You don't have enough magic to cast this spell.
Unknown command.
Something hits you. Something drains your vigour!
You feel as though you will be slow longer.
The jackal stops to sniff the ground.
Something hits you.
* * * LOW HITPOINT WARNING * * *
Something drains your vigour!
You feel as though you will be slow longer.
Casting: Lee's Rapid Deconstruction (dangerous; 1% risk of failure)
Confirm with . or Enter, or press ? or * to list all spells.
Aiming: Lee's Rapid Deconstruction (dangerous; 1% risk of failure)
Press: ? - help, Dir - move target A metal wall.
The metal wall shatters!
The blast of metal fragments hits something!!
The blast of metal fragments hits the death yak!!!
The death yak is heavily wounded.
The blast of metal fragments hits the jackal!!!
You kill the jackal!
Sif Muna accepts your kill. Something hits you.
* * * LOW HITPOINT WARNING * * *
Something drains your vigour!
You feel as though you will be slow longer.
You feel much better. Something hits you! Something hits you!!
Ouch! That really hurt!
You die...

#.##'####'###.......#
#.#........##.......#
#.#........##.......#
#.#####'#####...<...#
#.#..[)))..##.......#
#.#..[)))..##.......#
#)###########.......#
#)).....#.)##########
#.......#@#
#...#.).#{#
#..###..#Y#
#...#...#.†..h.+
#.......#'#..h.#
#.......'.#....#
########### ####


You could see a death yak.

Vanquished Creatures
  A flayed ghost (D)
  A fire bat (D)
  A water moccasin (D)
  A floating eye (D)
  A necrophage (D)
  A kobold brigand (D)
  A gnoll sergeant (D)
  A quasit (D)
  A worker ant (D)
  5 gnolls (D)
  An ooze (D)
  An adder skeleton (D)
  A worm (D)
  An orc (D)
  7 jackals (D)
  A quokka (D)
  A ball python (D)
  A frilled lizard (D)
  A kobold (D)
  A leopard gecko zombie (D)
  A quokka zombie (D)
  A rat (D)
32 creatures vanquished.

Notes
Turn   | Place    | Note
-------+----------+-------------------------------------------
     0 | D        | rocky1 the Octopode Earth Elementalist began the quest for
                  | the Orb.
     0 | D        | Reached XP level 1. HP: 11/11 MP: 3/3
    14 | D        | Reached skill level 4 in Earth Magic
    42 | D        | Found a bloodstained altar of Trog.
    42 | D        | Found a shimmering blue altar of Sif Muna.
    42 | D        | Found a viscous altar of Jiyva.
    42 | D        | Found a hazy altar of Hepliaklqana.
    42 | D        | Found an opulent altar of Gozag.
    43 | D        | Found a glowing golden altar of the Shining One.
    43 | D        | Found a glowing silver altar of Zin.
    43 | D        | Found a basalt altar of Yredelemnul.
    43 | D        | Found a shimmering altar of Xom.
    43 | D        | Found an ornate altar of the Wu Jian Council.
    43 | D        | Found a sacrificial altar of Ru.
    43 | D        | Found a stormy altar of Qazlal.
    43 | D        | Found an iron altar of Okawaru.
    43 | D        | Found a sparkling altar of Nemelex Xobeh.
    43 | D        | Found a burning altar of Makhleb.
    43 | D        | Found a blossoming altar of Fedhas.
    43 | D        | Found a white marble altar of Elyvilon.
    43 | D        | Found a shadowy altar of Dithmenos.
    43 | D        | Found a snail-covered altar of Cheibriados.
    46 | D        | Found a corrupted altar of Lugonu.
    46 | D        | Found a radiant altar of Vehumet.
    47 | D        | Found an ancient bone altar of Kikubaaqudgha.
    47 | D        | Found a hide-covered altar of Uskayaw.
    47 | D        | Found a broken altar of Ashenzari.
    48 | D        | Became a worshipper of Sif Muna the Loreminder
    96 | D        | Reached skill level 5 in Earth Magic
    96 | D        | Reached XP level 2. HP: 17/17 MP: 1/5
    96 | D        | Reached * piety under Sif Muna
   145 | D        | Noticed a necrophage
   151 | D        | Reached ** piety under Sif Muna
   159 | D        | Reached *** piety under Sif Muna
   160 | D        | Reached skill level 7 in Earth Magic
   160 | D        | Reached XP level 3. HP: 15/21 MP: 0/6
   161 | D        | Killed a necrophage
   162 | D        | Reached skill level 10 in Earth Magic
   162 | D        | Reached XP level 4. HP: 9/27 MP: 5/7
   162 | D        | Reached XP level 5. HP: 11/31 MP: 5/8
   364 | D        | Learned a level 5 spell: Lee's Rapid Deconstruction
   429 | D        | Noticed a kobold brigand
   431 | D        | Killed a kobold brigand
   432 | D        | Reached skill level 11 in Earth Magic
   434 | D        | Reached **** piety under Sif Muna
   435 | D        | Reached skill level 12 in Earth Magic
   435 | D        | Reached XP level 6. HP: 36/36 MP: 3/9
   436 | D        | Noticed a water moccasin
   448 | D        | Killed a water moccasin
   449 | D        | Reached skill level 14 in Earth Magic
   489 | D        | Reached ***** piety under Sif Muna
   495 | D        | Learned a level 3 spell: Stone Arrow
   546 | D        | Identified Baef's Tome of Orientation and Evil (Sif Muna
                  | gifted it to you in the Dungeon)
   546 | D        | Received a gift from Sif Muna
   547 | D        | Reached XP level 7. HP: 41/41 MP: 8/10
   584 | D        | Noticed a flayed ghost
   586 | D        | Killed a flayed ghost
   587 | D        | Reached XP level 8. HP: 46/46 MP: 0/13
   834 | D        | Noticed a death yak
   842 | D        | Identified Sif Muna's Grimoire of Hurtful Bewitchment (Sif
                  | Muna gifted it to you in the Dungeon)
   842 | D        | Received a gift from Sif Muna
   846 | D        | Mangled by a shadow wraith

Illustrated notes

Levels and vault maps discovered:
D:        pitsprint [storerooms_1, entrance_room_1, metal_vault_5, armoury_1,
          mini_pit_1, grid_room_1, main_hall_1, silver_pit, the_coven_3,
          the_vestibule_1, steel_vault_2, golden_pit, hallway_of_sentries,
          crystal_vault_1, iron_vault_3, final_vault]

Skill      XL: |  1  2  3  4  5  6  7  8 |
---------------+-------------------------+-----
Earth Magic    | 5 7 10 12 14 | 14.6
Dodging        | 4 |  4.7
Stealth        | 6 7 |  7.0
Spellcasting   | 3 4 |  4.5
Conjurations   | 3 4 |  4.4
Invocations    | 3 4 |  4.5
Transmutations | |  1.0

Action                   |  1- 3 |  4- 6 |  7- 9 || total
-------------------------+-------+-------+-------++-------
Melee: Quarterstaff      |     9 |     4 |     2 ||    15
       Constrict         |     3 |     2 |     1 ||     6
       Tentacles         |     1 |     1 |       ||     2
 Cast: Sandblast         |    11 |     3 |     2 ||    16
       Lee's Rapid Decon |       |     3 |     6 ||     9
Invok: Channel Magic     |       |       |     1 ||     1
  Use: Potion            |     1 |     2 |     1 ||     4
Armor: Skin              |       |     1 |       ||     1
Dodge: Dodged            |     8 |     8 |     2 ||    18

Table legend: (Time is in decaauts)
 A = Elapsed time spent in this place.
 B = Non-inter-level travel time spent in this place.
 C = Inter-level travel time spent in this place.
 D = Time resting spent in this place.
 E = Time spent auto-exploring this place.
 F = Levels seen in this place.
 G = Mean time per level.
                   A        B        C        D        E       F      G
               +--------+--------+--------+--------+--------+-----+--------+
         Total |    848 |    848 |      0 |    576 |      0 |   1 |  848.0 |
       Dungeon |    848 |    848 |      0 |    576 |      0 |   1 |  848.0 |
               +--------+--------+--------+--------+--------+-----+--------+

Top non-repeatable levels by time:
       D: 848 daAuts
